Map: Prion Terraces

Players

PotatoMang - Winner!

  • Race: Zerg Zerg
  • League: Master

xKawaiian

  • Race: Terran Terran
  • League: Master

VOD

Have the link to the VOD?

Description

Time

  • Played on: Jan. 16, 2016, 5:20 p.m.
  • Length: 17:35
Show
View Real Time Build Order
Export as new Build Order

PotatoMang Zerg - Winner!

Build Orders: Pool First 

Get SALT Encoding   

  12  0:01  Drone  
  13  0:13  Overlord  
  13  0:19  Drone  
  14  0:31  Drone  
  14  0:32  Drone  
  16  0:36  Drone  
  17  0:45  Spawning Pool  
  17  0:49  Drone  
  17  0:53  Extractor  
  16  0:57  Drone  
  17  1:20  Hatchery  
  17  1:22  Drone  
  17  1:42  Queen  
  17  1:43  Zergling x2  
  17  1:44  Drone x2  
  22  1:55  Roach Warren  
  22  1:57  Drone  
  22  2:08  Overlord  
  22  2:26  Queen  
  23  2:36  Roach x2  
  23  2:37  Roach  
  29  2:39  Roach  
  31  2:45  Roach  
  33  2:58  Drone x2  
  33  2:59  Drone  
  33  3:04  Queen  
  36  3:07  Overlord  
  36  3:17  Overlord  
  36  3:23  Overlord  
  36  3:34  Roach x2  
  40  3:37  Roach  
  40  3:39  Roach  
  44  3:56  Roach x3  
  50  4:07  Roach x2  
  50  4:08  Roach x2  
  58  4:13  Drone  
  58  4:14  Drone  
  59  4:26  Ravager  
  59  4:29  Extractor  
  58  4:33  Overlord  
  58  4:39  Drone x2  
  58  4:42  Extractor  
  58  4:43  Overlord  
  59  4:49  Drone  
  59  4:51  Queen  
  62  4:53  Drone x2  
  62  4:58  Ravager  
  62  4:59  Drone x2  
  67  5:06  Drone  
  68  5:11  Drone  
  67  5:19  Roach x4  
  73  5:30  Drone x2  
  73  5:33  Metabolic Boost  
  75  5:36  Drone  
  75  5:42  Overlord  
  76  5:49  Overlord  
  76  5:53  Overlord  
  76  6:01  Drone  
  76  6:02  Drone x2  
  77  6:08  Roach x2  
  71  6:13  Roach  
  71  6:14  Roach x2  
  77  6:21  Zergling x2  
  77  6:22  Zergling x2  
  79  6:27  Zergling x4  
  79  6:28  Ravager x2  
  79  6:29  Ravager x2  
  72  6:43  Roach x4  
  72  6:44  Roach  
  72  6:46  Queen  
  69  6:49  Zergling x2  
  70  6:56  Zergling x2  
  70  7:00  Zergling x2  
  72  7:09  Zergling x2  
  72  7:11  Hatchery, Zergling x2  
  72  7:13  Ravager x2  
  72  7:14  Ravager x2  
  77  7:18  Zergling x2  
  77  7:19  Zergling x4  
  79  7:28  Zergling x6  
  81  7:30  Ravager  
  81  7:31  Ravager  
  83  7:38  Zergling x10  
  88  7:49  Zergling x4  
  89  8:02  Zergling x4  
  89  8:03  Overlord x3  
  91  8:08  Ravager  
  91  8:10  Overlord  
  92  8:16  Overlord  
  92  8:21  Overlord  
  92  8:23  Ravager x4  
  92  8:24  Zergling x2  
  92  8:25  Zergling x4  
  99  8:31  Drone x2  
  101  8:35  Drone  
  101  8:37  Zergling x2  
  102  8:47  Drone x3  
  102  8:48  Drone x3  
  107  8:53  Overlord  
  107  9:00  Zergling x2  
  107  9:01  Zergling x4  
  110  9:04  Overlord  
  110  9:06  Lair  
  110  9:16  Zergling x8  
  115  9:17  Zergling x6  
  117  9:24  Drone x3  
  117  9:25  Drone x2  
  117  9:29  Zergling x2  
  117  9:30  Zergling x6  
  126  9:38  Roach x3  
  132  9:43  Roach x3  
  132  9:44  Roach  
  138  9:51  Baneling Nest  
  137  9:53  Evolution Chamber, Zergling x4  
  137  9:54  Evolution Chamber  
  137  9:58  Extractor  
  137  9:59  Ravager x3  
  139  10:00  Extractor  
  137  10:08  Extractor  
  137  10:09  Overlord  
  137  10:11  Glial Reconstitution  
  136  10:14  Drone x2  
  136  10:18  Zergling x14  
  136  10:20  Overlord  
  136  10:41  Zergling x18  
  136  10:42  Zergling x8  
  142  10:48  Zergling x8  
  118  10:58  Zergling x2  
  118  10:59  Zergling x4  
  102  11:05  Zergling x2  
  102  11:06  Zergling x2  
  102  11:14  Zergling x4  
  100  11:19  Zergling x2  
  100  11:23  Roach  
  97  11:26  Zerg Melee Weapons Level 1  
  97  11:27  Zerg Ground Armor Level 1  
  84  11:35  Roach x3  
  84  11:36  Queen  
  88  11:40  Roach x2  
  92  11:48  Zergling x2  
  92  11:49  Zergling x4  
  93  11:59  Zergling x6  
  93  12:01  Centrifical Hooks  
  96  12:03  Roach  
  96  12:08  Roach  
  100  12:10  Ravager x5  
  100  12:11  Zergling x2  
  103  12:16  Hatchery  
  103  12:17  Zergling x2  
  103  12:24  Zergling x10  
  108  12:31  Zergling x4  
  108  12:32  Zergling x2  
  108  12:33  Baneling x2  
  108  12:34  Zergling x4  
  112  12:39  Roach, Baneling x7  
  114  12:46  Roach x3  
  114  12:49  Roach x3  
  103  12:59  Roach x3  
  103  13:00  Roach x2  
  103  13:03  Zergling x2  
  100  13:08  Queen  
  96  13:13  Zergling x4  
  94  13:33  Drone x4  
  94  13:34  Drone x3  
  96  13:38  Zergling x4  
  95  13:43  Drone  
  96  13:50  Drone x2  
  98  13:58  Drone x2  
  98  13:59  Drone  
  100  14:03  Ravager x2  
  100  14:04  Ravager  
  103  14:12  Ravager x6  
  103  14:13  Ravager  
  103  14:16  Zergling x2  
  111  14:18  Zergling x2  
  112  14:28  Zergling x10  
  117  14:34  Baneling  
  117  14:35  Baneling x6  
  117  14:37  Extractor  
  117  14:38  Drone x2  
  100  15:10  Zergling x34  
  117  15:18  Zerg Missile Weapons Level 1  
  117  15:20  Roach x3  
  123  15:29  Zergling x8  
  123  15:31  Baneling  
  123  15:32  Baneling x10  
  128  15:35  Zergling x4  
  128  15:36  Zergling x2  
  128  15:39  Drone x2  
  131  15:45  Roach x2  
  131  15:46  Roach  
  131  15:49  Zergling x2  
  138  15:50  Zergling x2  
  138  16:09  Roach x7  
  152  16:19  Roach x2  
  154  16:33  Roach x6  
  166  16:43  Queen  
  166  16:52  Overlord x2  
  163  16:59  Drone x3  
  166  17:03  Baneling x10  
  166  17:05  Ravager  
  166  17:06  Ravager  
Show
View Real Time Build Order
Export as new Build Order

xKawaiian Terran 

Build Orders: MMM Bio 

Get SALT Encoding   

  12  0:00  SCV  
  13  0:12  SCV  
  14  0:17  Supply Depot  
  14  0:25  SCV  
  15  0:39  SCV  
  15  0:40  Barracks  
  16  0:44  Refinery  
  16  0:51  SCV  
  17  1:00  Barracks  
  17  1:12  Barracks  
  17  1:20  Refinery  
  17  1:28  Reaper  
  17  1:29  SCV  
  19  1:41  SCV  
  20  1:48  Reaper  
  20  1:52  Supply Depot  
  21  2:00  Reaper  
  22  2:05  Reaper  
  23  2:12  Orbital Command  
  23  2:20  Reaper  
  24  2:33  Supply Depot, Reaper  
  25  2:38  Reaper  
  26  2:47  SCV  
  27  2:52  Reaper  
  28  3:03  SCV  
  28  3:05  Reaper  
  30  3:10  Reaper  
  30  3:15  Supply Depot, SCV  
  31  3:27  SCV, Reaper  
  33  3:40  SCV  
  36  3:52  SCV  
  38  4:04  Command Center, SCV  
  38  4:08  Barracks Reactor, Barracks Tech Lab x2  
  36  4:16  SCV  
  36  4:23  Barracks  
  36  4:24  Barracks  
  36  4:28  SCV  
  37  4:33  Combat Shields, Stimpack  
  37  4:34  Marine  
  38  4:40  SCV  
  39  4:52  SCV  
  42  4:54  Marine  
  42  4:57  Factory  
  41  5:00  Marine x2  
  41  5:04  SCV  
  44  5:07  Marine  
  44  5:16  SCV  
  44  5:17  Marine  
  44  5:18  Marine  
  44  5:19  Marauder  
  48  5:25  Marine  
  48  5:26  Marauder  
  51  5:28  SCV  
  51  5:34  Barracks Reactor  
  52  5:36  Orbital Command  
  52  5:41  Factory Reactor, Starport  
  52  5:42  Marine  
  52  5:45  SCV  
  52  5:48  Marauder  
  56  5:54  Supply Depot, Marine x2  
  58  5:57  SCV  
  58  6:04  Marine  
  58  6:05  Marauder  
  58  6:09  Marine  
  58  6:10  Marine  
  52  6:11  Marine  
  52  6:12  Marine  
  52  6:16  Marine  
  50  6:22  Marine  
  50  6:25  Orbital Command  
  51  6:31  Marine  
  51  6:32  Marine, Marauder  
  53  6:33  Marine  
  53  6:36  Marine  
  53  6:39  Medivac  
  47  6:49  Marine x2  
  47  6:51  SCV x2  
  51  7:01  Medivac  
  53  7:03  SCV  
  53  7:05  SCV  
  55  7:10  Marine x3  
  55  7:13  Concussive Shells  
  55  7:15  Marine  
  59  7:17  SCV  
  59  7:18  SCV  
  61  7:26  Marauder, Marine  
  61  7:27  Marine  
  65  7:33  Medivac  
  65  7:36  Medivac  
  70  7:40  Marine  
  69  7:45  Marine  
  69  7:46  Supply Depot  
  69  7:47  Supply Depot  
  69  7:48  Barracks Reactor  
  70  7:56  Marine x2  
  70  8:04  SCV, Medivac, Marine x3  
  76  8:05  Marine  
  77  8:14  Marine  
  77  8:16  Supply Depot  
  77  8:17  Supply Depot  
  78  8:20  Factory Tech Lab  
  78  8:22  SCV  
  78  8:25  SCV  
  80  8:30  Marine  
  80  8:31  Marine  
  80  8:32  Marine  
  83  8:35  Marine  
  84  8:46  Marine x2  
  86  8:49  Marine x2  
  86  8:51  SCV  
  86  8:53  Siege Tank  
  90  8:57  Liberator  
  90  8:58  Marine  
  90  8:59  Marine x2  
  90  9:00  Liberator  
  93  9:05  Marine x2  
  93  9:07  SCV, Marine  
  98  9:12  Marine  
  101  9:23  Marine x2  
  101  9:24  Marine x2  
  108  9:35  Siege Tank  
  108  9:36  Marauder, Marine  
  108  9:46  Marine x3  
  108  9:47  Marine x2  
  114  9:53  Marine  
  114  9:57  Medivac  
  116  10:00  Medivac  
  116  10:02  Refinery x2  
  117  10:14  Marine  
  117  10:20  Marine x3  
  117  10:21  Marauder x2  
  125  10:24  Marine x2  
  127  10:32  Siege Tank, Marine  
  131  10:38  Marine x2  
  131  10:39  Marine  
  134  10:49  Marauder  
  111  10:57  Marauder, Marine  
  111  10:58  Marine x2  
  105  11:05  Liberator x2, Marine  
  105  11:10  Marine x2  
  110  11:14  Marine  
  110  11:16  Marine x2  
  87  11:32  Marine  
  87  11:33  Siege Tank, Marine  
  87  11:35  Marine  
  93  11:41  Marine x2  
  93  11:45  Marine x2  
  97  11:48  Liberator, Marine  
  98  11:54  Marine x3  
  98  12:00  Orbital Command  
  104  12:09  Marine  
  104  12:17  Marine x2  
  106  12:23  SCV  
  106  12:28  Marine  
  106  12:29  Marine  
  109  12:38  Marine x2  
  109  12:39  Marine x3  
  114  12:46  Marine x2, Marauder  
  97  12:59  Marauder, Marine x3  
  97  13:03  Siege Tank  
  80  13:06  Marine x3  
  80  13:07  Marine  
  80  13:08  Medivac  
  80  13:10  SCV  
  80  13:11  Medivac  
  85  13:16  Marine  
  85  13:17  Marine  
  81  13:22  Liberator, Marine x2  
  81  13:23  Marine  
  81  13:24  Marine x2  
  85  13:30  Marine  
  83  13:34  Marine  
  83  13:35  Siege Tank, Marine  
  83  13:40  Marine x2  
  91  13:41  Marine x2  
  91  13:42  Marine  
  91  13:48  Engineering Bay x2, Marauder  
  81  13:53  Marine x2  
  81  13:55  Medivac  
  83  13:58  Marine  
  83  13:59  Marine x2  
  83  14:00  Marine  
  87  14:05  Marine  
  87  14:07  Siege Tank  
  91  14:11  Refinery  
  91  14:12  Refinery  
  91  14:13  Marine  
  92  14:19  Marine  
  92  14:20  Marauder  
  92  14:23  Liberator, Marauder  
  97  14:25  SCV  
  97  14:27  SCV  
  99  14:33  Marine x2  
  99  14:37  Marine x2  
  103  14:41  Marine x3  
  109  14:46  Marine  
  109  14:48  SCV  
  109  14:50  Marine  
  109  14:51  Marine  
  113  14:55  Marine x2  
  113  14:59  Marine x3  
  112  15:04  Marine  
  112  15:05  SCV x2  
  112  15:08  Marine x2  
  112  15:13  Terran Infantry Weapons Level 1, Terran Infantry Armor Level 1, Marine x2  
  116  15:17  SCV, Marine  
  118  15:24  Marine x3  
  118  15:25  Siege Tank  
  118  15:26  Orbital Command, Marine x2  
  126  15:33  Marine x2  
  126  15:34  Marine  
  129  15:42  Marine x3  
  132  15:52  Marine  
  132  15:53  Marine  
  134  16:05  Supply Depot  
  134  16:21  Supply Depot x2  
  134  16:26  Marine x6  
  134  16:27  Refinery, Marauder  
  134  16:28  Refinery, Marauder  
  141  16:44  Marine x6  
  147  16:52  Command Center  
  147  16:53  Barracks x2  
  131  16:54  Barracks  
  131  16:55  Supply Depot  
  131  16:56  Supply Depot  
  131  16:57  Supply Depot, Marine  
  131  16:58  Marauder  
  131  16:59  SCV  
  135  17:02  Marine x2  
  135  17:04  Medivac  
  139  17:13  Marine  
Tags
 
Add a new tag
Caveats
  • Supply blocks, unpowered buildings, or Contaminate may cause inaccurate times.
  • Supply counts are checked every 10 seconds.